 Dungeon Crawl Stone Soup version 0.25.0-33-gff14898491 (webtiles) character file.

Game seed: 12775416917291479192

1859 ara8ara the Cleaver (level 9, -1/78 HPs)
             Began as a Hill Orc Fighter on July 7, 2020.
             Was a Follower of Okawaru.
             Killed from afar by an electric eel (6 damage)
             ... with a bolt of electricity
             ... on level 7 of the Dungeon.
             The game lasted 00:28:59 (4607 turns).

ara8ara the Cleaver (Hill Orc Fighter)              Turns: 4607, Time: 00:29:04

Health: -1/78      AC: 19    Str: 22    XL:     9   Next: 13%
Magic:  9/9        EV:  5    Int:  8    God:    Okawaru [*.....]
Gold:   262        SH: 11    Dex: 10    Spells: 8/8 levels left

rFire    . . .     SeeInvis .   a - +1 war axe
rCold    . . .     Gourm    .   c - +1 kite shield
rNeg     . . .     Faith    .   g - +0 plate armour {MR+}
rPois    .         Spirit   .   (no helmet)
rElec    .         Reflect  .   w - +0 cloak {MR+}
rCorr    .         Harm     .   (no gloves)
MR       ++...                  B - +0 pair of boots {Stlth+}
Stlth    ..........             m - amulet of regeneration
HPRegen  0.63/turn              k - +4 ring of protection
MPRegen  0.11/turn              t - ring of flight

@: flying
A: no striking features
a: Heroism, Renounce Religion


You were on level 7 of the Dungeon.
You worshipped Okawaru.
Okawaru was aware of your devotion.
You were not hungry.

You visited 2 branches of the dungeon, and saw 8 of its levels.

You collected 377 gold pieces.
You spent 115 gold pieces at shops.

Inventory:

Hand Weapons
 a - a +1 war axe (weapon)
Armour
 c - a +1 kite shield (worn)
 g - a +0 plate armour of magic resistance (worn)
 w - a +0 cloak of magic resistance (worn)
 B - a +0 pair of boots of stealth (worn)
Jewellery
 k - a +4 ring of protection (left hand)
 m - an amulet of regeneration (around neck)
 t - a ring of flight (right hand)
Wands
 y - a wand of polymorph (5)
 A - a wand of disintegration (15)
 F - a wand of flame (16)
Scrolls
 b - a scroll of magic mapping
 j - 3 scrolls of enchant weapon
 o - 2 scrolls of remove curse
 q - a scroll of enchant armour
 u - 2 scrolls of immolation
 v - a scroll of fog
 x - a scroll of amnesia {unknown}
 z - a scroll of teleportation {unknown}
 C - a scroll of identify
Potions
 d - a potion of might
 e - a potion of haste {unknown}
 h - 3 potions of flight
 i - a potion of experience {unknown}
 l - a potion of cancellation {unknown}
 n - 3 potions of curing
 p - a potion of lignification {unknown}
 r - a potion of stabbing {unknown}
 s - a potion of heal wounds {unknown}
 E - 2 potions of mutation {unknown}
Comestibles
 f - 8 rations
 D - 4 chunks of flesh


   Skills:
 + Level 6.9 Fighting
 + Level 10.1 Axes
 + Level 6.5 Armour
 + Level 0.5 Dodging
 + Level 6.3 Shields


You had 8 spell levels left.
You didn't know any spells.
Your spell library was empty.

Dungeon Overview and Level Annotations

Branches:
Dungeon (7/15)             Temple (1/1) D:5

Altars:
Ashenzari
Dithmenos
Elyvilon
Hepliaklqana
Kikubaaqudgha
Nemelex Xobeh
Okawaru
Qazlal
Sif Muna
Trog
Uskayaw
Vehumet
Wu Jian
Xom
Zin
The Shining One

Shops:
D:5 [


Message History

The bolt of electricity hits the electric eel.
The electric eel completely resists.
Your unstable footing causes you to fumble your attack.
Your plate armour prevents you from hitting the electric eel.
The electric eel is moderately wounded.
The electric eel shoots out a bolt of lightning at you!
The bolt of electricity hits you!
* * * LOW HITPOINT WARNING * * *
The bolt of electricity hits you!
* * * LOW HITPOINT WARNING * * *
The bolt of electricity hits the electric eel.
The electric eel completely resists.
It was a potion of flight.
You feel very buoyant.
You fly up into the air.
The electric eel shoots out a bolt of lightning at you!
The bolt of electricity hits you.
* * * LOW HITPOINT WARNING * * *
The bolt of electricity hits you.
You die...

.#...#...#...# ....
.............# ...
.............## #.#
..............###..###
....................#
#...#..÷#........# ##.
##.####.....##
≈≈#≈≈≈#≈≈≈#.###...#
≈≈.≈≈≈.@≈≈..#....##
.≈≈≈≈≈;≈≈≈≈≈##....#
#.≈≈≈≈≈≈≈≈≈≈##...##
##P(.......##..######
#...#...#.##.......####
#.....#..##.#...........
##.#....#. ##.....######
## P#P.#P #...).# #
#^....###


You could see an electric eel.

Vanquished Creatures
  Grinder (D:3)
  Menkaure (D:4)
  Duvessa (D:6)
  An ice beast (D:5)
  A sky beast (D:6)
  An ogre (D:4)
  3 bullfrogs
  Dowan (D:6)
  A scorpion (D:4)
  5 howler monkeys
  2 crimson imps (D:6)
  A bullfrog zombie (D:7)
  2 centaur skeletons
  A jelly (D:6)
  Crazy Yiuf (D:4)
  2 orc priests
  2 bullfrog skeletons
  A hound (D:5)
  Terence (D:2)
  2 orc wizards (D:5)
  8 gnolls
  7 adders
  An ooze (D:4)
  An adder skeleton (D:4)
  A worm (D:5)
  2 dart slugs (D:1)
  4 leopard geckos
  13 orcs
  6 bats
  3 giant cockroaches
  4 goblins
  5 hobgoblins
  A jackal (D:2)
  A quokka (D:4)
  A ball python (D:1)
  4 frilled lizards (D:1)
  8 kobolds
  2 quokka skeletons
  8 rats
111 creatures vanquished.

Notes
Turn   | Place    | Note
-------+----------+-------------------------------------------
     0 | D:1      | ara8ara the Hill Orc Fighter began the quest for the Orb.
     0 | D:1      | Reached XP level 1. HP: 19/19 MP: 1/1
   103 | D:1      | Reached XP level 2. HP: 25/27 MP: 2/2
   407 | D:1      | Reached skill level 3 in Axes
   407 | D:1      | Reached XP level 3. HP: 33/33 MP: 3/3
   952 | D:2      | Noticed Terence
   966 | D:2      | Killed Terence
   966 | D:2      | Reached XP level 4. HP: 15/40 MP: 4/4
  1335 | D:2      | Found a shattered altar of Ashenzari.
  1436 | D:3      | Reached skill level 4 in Axes
  1678 | D:3      | Found a shadowy altar of Dithmenos.
  1692 | D:3      | Reached XP level 5. HP: 42/47 MP: 5/5
  1723 | D:3      | Noticed Grinder
  1727 | D:3      | Paralysed by Grinder for 7 turns
  1741 | D:3      | Paralysed by Grinder for 7 turns
  1750 | D:3      | Paralysed by Grinder for 7 turns
  1759 | D:3      | Paralysed by Grinder for 2 turns
  1767 | D:3      | Killed Grinder
  1767 | D:3      | Reached skill level 5 in Axes
  1767 | D:3      | Reached XP level 6. HP: 36/55 MP: 6/6
  2219 | D:4      | Reached skill level 6 in Axes
  2477 | D:4      | Found a runed translucent door.
  2478 | D:4      | Noticed Crazy Yiuf
  2492 | D:4      | Killed Crazy Yiuf
  2492 | D:4      | Reached XP level 7. HP: 60/60 MP: 7/7
  2590 | D:4      | Noticed Menkaure
  2594 | D:4      | HP: 3/60 [??? (1)]
  2596 | D:4      | Killed Menkaure
  2596 | D:4      | Reached skill level 5 in Fighting
  2596 | D:4      | Reached skill level 5 in Armour
  2700 | D:4      | Reached skill level 7 in Axes
  2845 | D:4      | Found a bloodstained altar of Trog.
  2845 | D:4      | Found a hide-covered altar of Uskayaw.
  3012 | D:5      | Entered Level 5 of the Dungeon
  3090 | D:5      | Reached skill level 5 in Shields
  3137 | D:5      | Found a staircase to the Ecumenical Temple.
  3147 | Temple   | Entered the Ecumenical Temple
  3334 | D:5      | Reached XP level 8. HP: 70/70 MP: 8/8
  3349 | D:5      | Found a shimmering blue altar of Sif Muna.
  3484 | D:5      | Found Fonal's Armour Boutique.
  3492 | D:5      | Bought a +0 pair of boots of stealth for 115 gold pieces
  3551 | D:5      | Reached skill level 8 in Axes
  3859 | D:6      | Found an iron altar of Okawaru.
  3867 | D:6      | Became a worshipper of Warmaster Okawaru
  3945 | D:6      | Reached skill level 9 in Axes
  4043 | D:6      | Found a white marble altar of Elyvilon.
  4271 | D:6      | Found a radiant altar of Vehumet.
  4274 | D:6      | Noticed Dowan
  4275 | D:6      | Noticed Duvessa
  4289 | D:6      | Killed Duvessa
  4296 | D:6      | Killed Dowan
  4380 | D:6      | Reached XP level 9. HP: 78/78 MP: 9/9
  4575 | D:7      | Reached skill level 10 in Axes
  4586 | D:7      | Reached * piety under Okawaru
  4607 | D:7      | Killed from afar by an electric eel

Illustrated notes

Levels and vault maps discovered:
D:1:      dpeg_arrival_simpleton_b, layout_basic, minmay_pentomino_o2
D:2:      layout_rooms, old_standard_altar, first_ration,
          kennysheep_generic_room_2, uniq_terence
D:3:      layout_loops_ring, nicolae_dithmenos_shadow_blocks, uniq_grinder
D:4:      layout_loops_cross, gammafunk_temple_overflow_pools, uniq_menkaure,
          uniq_crazy_yiuf_cottage
D:5:      layout_rooms, lemuel_coloured_pillars_altar,
          minmay_temple_entry_statues_fountains, serial_shops,
          nicolae_shop_crystal, roderic_filled_cross
D:6:      layout_loops_ring, okawaru_gym_becter, vehumet_altar_wand_db,
          elyvilon_altar_3, uniq_duvessa
D:7:      wad_lake_hut, layout_cave_pools, lemuel_doored_altar,
          lemuel_crystal_altar, the_bakery
Temple:   nicolae_temple_figure_zero

Skill      XL: |  1  2  3  4  5  6  7  8  9 |
---------------+----------------------------+-----
Fighting       | 4 5 6 |  6.9
Axes           | 3 4 5 6 7 9 10 | 10.1
Shields        | 4 5 6 |  6.3
Armour         | 4 5 6 |  6.5
Dodging        | |  0.5

Action                   |  1- 3 |  4- 6 |  7- 9 || total
-------------------------+-------+-------+-------++-------
Melee: War axe           |   111 |   113 |   277 ||   501
  Use: Scroll            |     2 |     3 |     3 ||     8
       Potion            |       |       |     1 ||     1
  Eat: Chunk             |       |     5 |     8 ||    13
Armor: Chain mail        |    57 |    48 |       ||   105
       Plate armour      |       |    22 |   123 ||   145
Dodge: Dodged            |    24 |    34 |    33 ||    91
Block: Kite shield       |    38 |    50 |   108 ||   196
